 Dungeon Crawl Stone Soup version 0.28-a0-998-gb9e9c7b67e (webtiles) character file.

Game seed: 2136631617847438885

72 r3xj the Chopper (level 4, 0/41 HPs)
             Began as a Minotaur Berserker on Dec 6, 2021.
             Was a Believer of Trog.
             Killed from afar by a white imp (14 damage)
             ... with a puff of frost
             ... on level 3 of the Dungeon.
             The game lasted 00:03:42 (1247 turns).

r3xj the Chopper (Minotaur Berserker)               Turns: 1247, Time: 00:03:43

Health: 0/41       AC:  2    Str: 21    XL:     4   Next: 7%
Magic:  3/3        EV: 12    Int:  4    God:    Trog [**....]
Gold:   55         SH:  0    Dex: 12    Spells: 3/3 levels left

rFire   . . .      SeeInvis .   a - +0 hand axe
rCold   . . .      Faith    .   (no shield)
rNeg    . . .      Spirit   .   b - +0 animal skin
rPois   .          Reflect  .   (helmet restricted)
rElec   .          Harm     .   (no cloak)
rCorr   .          Rampage  .   (no gloves)
Will    .....                   (no boots)
Stlth   +.........              (no amulet)
HPRegen 0.13/turn               (no ring)
MPRegen 0.08/turn               (no ring)

@: no status effects
A: horns 2, retaliatory headbutt
a: Renounce Religion, Berserk, Trog's Hand


You were on level 3 of the Dungeon.
You worshipped Trog.
Trog was pleased with you.
You visited 1 branch of the dungeon, and saw 3 of its levels.

You collected 55 gold pieces.

Inventory:

Hand Weapons
 a - a +0 hand axe (weapon)
Missiles
 e - 29 sling bullets
 f - 4 javelins (quivered)
Armour
 b - a +0 animal skin (worn)
Scrolls
 c - 2 scrolls of identify {unknown}
 d - a scroll of vulnerability {unknown}
 h - a scroll of fog {unknown}
 i - a scroll of noise {unknown}
Potions
 g - a potion of curing {unknown}


   Skills:
 + Level 4.3 Fighting
 + Level 4.7 Axes
 + Level 2.7 Armour
 + Level 2.9 Dodging
 + Level 0.3 Stealth


You had 3 spell levels left.
You didn't know any spells.
Your spell library was empty.

Dungeon Overview and Level Annotations

Branches:
Dungeon (3/15)

Altars:

Shops:
D:2 *


Innate Abilities, Weirdness & Mutations

You have a pair of horns on your head.
You reflexively headbutt those who attack you in melee.


Message History

Found a club.
Found a faded altar of an unknown god.
You now have 42 gold pieces (gained 7).
You now have 55 gold pieces (gained 13).
Found a stone staircase leading up.
Found a robe.
A white imp comes into view.
The white imp shouts!
You hear an angry hiss.
A white imp is nearby!
An adder comes into view.
Found 25 bolts.
Found a stone staircase leading down.
The white imp hits you. The white imp freezes you.
You closely miss the white imp. You headbutt the white imp.
The white imp is lightly wounded.
The white imp hits you. The white imp freezes you.
A frilled lizard comes into view.
The frilled lizard hisses angrily.
You hit the white imp.
The white imp is moderately wounded.
The white imp barely misses you.
You slash the white imp! Your headbutt misses the white imp.
The white imp is almost dead.
You miss the adder. The white imp gestures at you. The puff of frost hits you.
The adder closely misses you.
You closely miss the white imp.
The white imp is almost dead.
You barely miss the adder. The adder bites you.
The white imp barely misses you.
You hit the white imp but do no damage.
The white imp is almost dead.
You closely miss the adder. The adder bites you. The white imp gestures at you.
The puff of frost hits you. The adder misses you.
You are too injured to fight recklessly!
You are too injured to fight recklessly!
You are too injured to fight recklessly!
You closely miss the adder. You hit the white imp.
The white imp gestures at you. The puff of frost hits you!
You die...

#.# #.#.#..## .##.#
#.#.#...#
....####+#<#.#.#
####.........#.#
#.........#.#
####........##.##+##
............#!.....#
......#######......#
......# #...@..#
......# .......5S[#
####### ..........#
#....l.....#
#...........
#...........#
.....##..#.# ...(.
##>#.#


You could see an adder, a white imp and a frilled lizard.

Vanquished Creatures
  A hound (D:3)
  2 adders (D:2)
  2 dart slugs
  3 bats
  An endoplasm (D:1)
  2 goblins (D:1)
  2 hobgoblins (D:1)
  2 quokkas
  3 ball pythons
  3 frilled lizards
  3 kobolds
  A rat (D:2)
25 creatures vanquished.

Notes
Turn   | Place    | Note
-------+----------+-------------------------------------------
     0 | D:1      | r3xj the Minotaur Berserker began the quest for the Orb.
     0 | D:1      | Reached XP level 1. HP: 19/19 MP: 0/0
   252 | D:1      | Reached XP level 2. HP: 27/27 MP: 1/1
   879 | D:2      | Reached XP level 3. HP: 29/33 MP: 2/2
   946 | D:2      | Found Dajea's Assorted Antiques.
  1108 | D:2      | You fall into a shaft and drop 1 floor!
  1113 | D:3      | Reached ** piety under Trog
  1114 | D:3      | Reached XP level 4. HP: 29/41 MP: 3/3
  1203 | D:3      | Found a faded altar of an unknown god.
  1247 | D:3      | Killed from afar by a white imp

Illustrated notes

Levels and vault maps discovered:
D:1:      minmay_arrival_plants_in_alcoves, layout_loops_ring
D:2:      layout_rooms, serial_shops, shop
D:3:      layout_basic, dancing_weapons_uskayaw, nemelex_dance_club_becter,
          dreamdust_ecumenical_altar_statues, kennysheep_generic_room_3,
          uniq_crazy_yiuf_cottage

Skill      XL: |  1  2 |
---------------+-------+-----
Axes           | 4 |  4.7
Fighting       | 4 |  4.3
Armour         | |  2.7
Dodging        | |  2.9
Stealth        | |  0.3

Action                   |  1- 3 |  4- 6 || total
-------------------------+-------+-------++-------
Melee: Hand axe          |    43 |     6 ||    49
       Headbutt          |     8 |     1 ||     9
 Stab: Sleeping          |     2 |       ||     2
Armor: Animal skin       |     8 |       ||     8
Dodge: Dodged            |    22 |     4 ||    26

Table legend: (Time is in decaauts)
 A = Elapsed time spent in this place.
 B = Non-inter-level travel time spent in this place.
 C = Inter-level travel time spent in this place.
 D = Time resting spent in this place.
 E = Time spent auto-exploring this place.
 F = Levels seen in this place.
 G = Mean time per level.
                   A        B        C        D        E       F      G
               +--------+--------+--------+--------+--------+-----+--------+
         Total |   1250 |   1169 |     81 |     80 |    935 |   3 |  416.7 |
       Dungeon |   1250 |   1169 |     81 |     80 |    935 |   3 |  416.7 |
               +--------+--------+--------+--------+--------+-----+--------+

Top non-repeatable levels by time:
     D:1: 866 daAuts
     D:2: 243 daAuts
     D:3: 139 daAuts
